 Dungeon Crawl Stone Soup version 0.18.1-2-ga659475 (webtiles) character file.

343377 HungrySpirit the Executioner (level 23, -3/186 HPs)
             Began as a Formicid Ice Elementalist on May 8, 2016.
             Was an Elder of Qazlal.
             Blown up by an eye of devastation (glowing shapeshifter) (20 damage)
             ... with a bolt of energy
             ... on level 5 of the Vaults.
             The game lasted 01:53:07 (55883 turns).

HungrySpirit the Executioner (FoIE)                Turns: 55883, Time: 01:53:08

Health: -3/186     AC: 29    Str: 26    XL:     23   Next: 5%
Magic:  27/45      EV: 14    Int: 24    God:    Qazlal [****..]
Gold:   2087       SH: 21    Dex: 13    Spells: 0 memorised, 26 levels left

rFire  + + +     SeeInvis +     i - +9 executioner's axe (distort)
rCold  + + .     Gourm    +     u - +0 plate armour
rNeg   + . .     Faith    .     P - +1 shield {rC+ rF+}
rPois  +         Spirit   .     (helmet unavailable)
rElec  +         Dismiss  .     f - +2 cloak {rPois}
rCorr  +         Reflect  .     E - +0 pair of gloves
SustAt .         Harm     .     K - +2 pair of boots
MR     +++..                    e - amulet "Bofiocwu" {Gourm rElec Str+3 Int+9 Stlth-}
Stlth  ..........               Q - ring of Agucep {rF+ rN+ MP+9 Dex-3}
                                R - ring of protection from magic

@: agile, resistant, protected from physical damage, very slightly contaminated,
repel missiles, invisible, extremely resistant to hostile enchantments,
extremely unstealthy
A: permanent stasis, dig shafts and tunnels, four strong arms, antennae 3, claws
1
a: Dig, Shaft Self, Upheaval, Elemental Force, Renounce Religion
}: 2/15 runes: decaying, serpentine


You were on level 5 of the Vaults.
You worshipped Qazlal.
Qazlal was greatly pleased with you.
You were full.

You visited 6 branches of the dungeon, and saw 38 of its levels.
You also visited: Labyrinth and Trove.

You collected 4472 gold pieces.
You spent 2385 gold pieces at shops.

Inventory:

Hand Weapons
 i - a +9 executioner's axe of distortion (weapon)
Armour
 f - a +2 cloak of poison resistance (worn)
 u - a +0 plate armour (worn)
 E - a +0 pair of gloves (worn)
 K - a +2 pair of boots (worn)
 P - a +1 shield of resistance (worn)
Jewellery
 e - the amulet "Bofiocwu" (around neck) {Gourm rElec Str+3 Int+9 Stlth-}
   (You found it on level 13 of the Dungeon)

   [amulet of the gourmand]

   It allows you to eat raw meat even when not hungry.
   It affects your strength (+3).
   It affects your intelligence (+9).
   It insulates you from electricity.
   It makes you less stealthy.
 r - an uncursed ring of sustain attributes
 G - an uncursed ring of flight
 H - an uncursed ring of protection from fire
 Q - the ring of Agucep (right hand) {rF+ rN+ MP+9 Dex-3}
   (You found it in a treasure trove)

   [ring of positive energy]

   It affects your dexterity (-3).
   It protects you from fire.
   It protects you from negative energy.
   It affects your magic capacity (+9).
 R - a ring of protection from magic (left hand)
 W - a +3 amulet of reflection
Wands
 g - a wand of digging (12/24)
 x - a wand of disintegration (6/24)
 T - a wand of iceblast (3/15)
Scrolls
 a - 2 scrolls of holy word
 h - 20 scrolls of remove curse
 l - 3 scrolls of noise
 t - a scroll of summoning
 w - 3 scrolls of enchant armour
 y - 4 scrolls of fog
 B - 2 scrolls of enchant weapon
 D - 6 scrolls of recharging
 F - 3 scrolls of identify
 O - 3 scrolls of amnesia
 V - 2 scrolls of fear
 Z - a scroll of magic mapping
Potions
 j - 2 potions of agility
 k - 4 potions of brilliance
 n - 5 potions of cancellation
 o - 3 potions of cure mutation
 s - 3 potions of flight
 z - 9 potions of curing
 C - 3 potions of might
 I - 5 potions of lignification
 M - 5 potions of mutation
 X - 2 potions of resistance
Comestibles
 c - 20 bread rations
 m - 2 slices of pizza
 p - 12 fruits
 q - 10 beef jerkies
 v - 13 meat rations
 N - a royal jelly


   Skills:
 + Level 16.6 Fighting
   Level 1.8 Long Blades
 + Level 22.5 Axes
 + Level 15.9 Armour
 - Level 1.7 Dodging
 - Level 2.4 Stealth
 - Level 15.5 Shields
 - Level 2.1 Spellcasting
   Level 0.8 Conjurations
   Level 3.0 Ice Magic
 * Level 19.1 Invocations


You had 26 spell levels left.
You didn't know any spells.

Dungeon Overview and Level Annotations

Branches:
Dungeon (15/15)            Temple (0/1) D:5            Lair (8/8) D:9
  Swamp (4/4) Lair:6        Snake (4/4) Lair:5        Slime (0/6) Lair:8
    Orc (2/2) D:12            Elf (0/3) Orc:2        Vaults (5/5) D:13
  Crypt (0/3) Vaults:3     Depths (0/5) D:15

Altars:
Cheibriados
Kikubaaqudgha
Makhleb
Nemelex Xobeh
Okawaru
Qazlal
Ru
Sif Muna
Trog
Vehumet
Yredelemnul
Jiyva

Shops:
D:10 [   Orc:1 %   Orc:2 [[!:*[   Snake:4 *(

Annotations:
Swamp:3 exclusion: 2 oklob plants
Abyss:1 Kirke


Innate Abilities, Weirdness & Mutations

You are under a permanent stasis effect.
You can dig through walls and to a lower floor.
Your four strong arms can wield two-handed weapons with a shield.
You have a pair of large antennae on your head (SInv).
You have sharp fingernails.


Message History

The golden dragon claws you but does no damage.
The golden dragon barely misses you. You block the tengu reaver's attack.
The tengu reaver pecks you but does no damage.
The tengu reaver claws you but does no damage.
The eye of devastation pulsates ominously.
Drink which item? (? for menu, Esc to quit)
You feel better.
The war gargoyle launches metal splinters at you.
The spray of metal splinters hits you!
You block the golden dragon's attack. x2
The golden dragon tramples you!
* * * LOW HITPOINT WARNING * * *
You hold your ground!
You block the frost giant's attack.
Unknown command.
Drink which item? (? for menu, Esc to quit)
You feel better. You block the tengu reaver's attack.
The tengu reaver pecks you but does no damage.
The tengu reaver claws you but does no damage.
The eye of devastation gazes at you. The bolt of energy hits you!
You die...

..p{{
#≈.≈.# {{
#[[[.# {
#.).?#{
#)[≈)#
#[§§[#
#§§≈)#{ { {
#§§.[#{ {
#)≈C§#{{ {
#))Q@# {
#≈(D§#{ {
#≈§§§# {{{
{ #(≈≈9# {
{{ #.§§e#
{{ {#§≈G.#{
c§≈.[e.
.≈).≈≈[≈#
≈.....≈.≈..


You could see a golden dragon, a frost giant, a tengu reaver, a yaktaur captain
(wandering), a deep elf sorcerer, an eye of devastation, a war gargoyle and a
deep elf mage (wandering).

Vanquished Creatures
  An ancient lich (Vaults:5)
  Sojobo (Vaults:4)
  2 liches (Vaults:4)
  2 titans (Vaults:5)
  2 sphinxes
  3 tengu reavers
  Roxanne (Snake:1)
  A shadow dragon (Vaults:5)
  7 thorn hunters
  7 greater nagas
  An iron dragon (Vaults:5)
  A deep elf sorcerer (Vaults:5)
  2 frost giants (Vaults:4)
  8 vault wardens
  Aizul (Snake:1)
  12 ironheart preservers
  2 war gargoyles (Vaults:5)
  6 stone giants
  3 deep elf demonologists (Vaults:3)
  Nessos (Lair:6)
  2 salamander stormcallers
  A deep elf annihilator (Vaults:3)
  4 ettins
  24 vault guards
  Josephine (D:15)
  Snorg (Lair:4)
  A minotaur (Lab)
  A deep elf high priest (Vaults:5)
  3 fire dragons
  The ghost of lightmor the Unseen, a journeyman SpEn of Gozag (Orc:1)
  The ghost of pedritolo the Grappler, a journeyman MiMo of Okawaru (D:12)
  17 hydras
  A rakshasa (Vaults:2)
  5 yaktaur captains
  14 naga warriors
  9 centaur warriors
  10 anacondas
  Erica (D:8)
  Erolcha (D:13)
  A ghost crab (Swamp:3)
  5 catoblepae
  5 death knights
  2 alligators
  A deep troll shaman (Vaults:3)
  13 ogre magi
  A dancing weapon (Vaults:5)
  22 death yaks
  A deep troll earth mage (Vaults:1)
  Urug (D:15)
  15 naga sharpshooters
  3 orc high priests
  8 shock serpents
  A small abomination (Vaults:5)
  3 deep elf knights
  The ghost of Scarto the Blocker, a novice MiFi (D:7)
  A skeletal warrior (D:13)
  2 salamander mystics
  3 shadow wraiths
  8 swamp dragons
  2 fire crabs
  4 sea snakes (Snake:3)
  7 deep trolls
  A deep troll (shapeshifter) (Vaults:5)
  11 hill giants
  2 flayed ghosts
  2 giant orange brains
  5 unseen horrors
  6 shambling mangroves
  2 spriggan druids
  6 ironbrand convokers
  6 naga ritualists
  16 orc knights
  A wolf spider zombie (D:13)
  2 deep elf archers
  An orb spider (shapeshifter) (Vaults:4)
  15 mana vipers
  10 orc sorcerers
  4 wizards (D:14)
  2 necromancers
  A phantasmal warrior (Vaults:4)
  9 deep elf magi
  6 cyclopes
  3 wolf spiders
  5 hornets
  5 griffons
  21 ugly things
  9 elephants (Lair:8)
  4 salamanders
  24 black mambas
  A guardian serpent (Snake:2)
  An ice statue (Snake:1)
  25 naga magi
  10 vault sentinels
  Joseph (Lair:1)
  Psyche (D:12)
  18 spiny frogs
  3 gargoyles
  5 kobold demonologists
  24 yaktaurs
  2 rime drakes
  10 komodo dragons
  3 freezing wraiths
  9 trolls
  Grinder (D:4)
  2 boulder beetles
  2 polar bears (Lair:4)
  29 two-headed ogres
  24 blink frogs
  2 giant leeches (Swamp:1)
  4 snapping turtles (D:13)
  9 bog bodies
  21 slime creatures
  6 redbacks
  A shadow (Swamp:1)
  A tarantella (Vaults:2)
  5 wraiths
  8 spriggans
  3 water elementals (D:13)
  2 wyverns
  49 yaks
  2 basilisks
  13 hippogriffs
  5 hogs
  Grum (D:8)
  3 hungry ghosts
  A steam dragon (D:9)
  4 mottled dragons
  A yaktaur simulacrum (Vaults:1)
  17 vampire mosquitoes
  8 wargs
  An elf zombie (Vaults:1)
  19 swamp worms
  8 insubstantial wisps
  40 nagas
  15 water moccasins
  8 porcupines
  3 phantoms
  13 swamp drakes
  22 wasps
  7 sky beasts
  48 orc warriors
  An eye of draining (D:9)
  5 boggarts (Vaults:1)
  5 ice beasts
  A black bear (D:13)
  24 wolves
  46 ogres
  3 necrophages
  18 centaurs
  The ghost of ThereIsNoGod the Covert, an amateur OpAs (D:3)
  15 crocodiles
  3 big kobolds
  25 giant frogs
  A yaktaur zombie (Vaults:1)
  A deep troll simulacrum (Vaults:1)
  3 scorpions
  5 killer bees (D:11)
  2 human simulacra (Vaults:1)
  4 electric eels
  8 wights
  2 howler monkeys
  8 crimson imps
  5 jellies
  3 quasits
  3 hounds
  6 centaur zombies
  27 orc priests
  2 giant frog skeletons
  38 orc wizards
  10 centaur skeletons
  19 iguanas
  9 worker ants
  33 sheep
  A hound skeleton (D:8)
  A howler monkey zombie (D:4)
  A worker ant zombie (D:7)
  12 adders
  54 river rats
  5 shadow imps
  3 oozes
  An adder skeleton (D:5)
  2 adder zombies
  2 worms
  4 dart slugs
  10 giant geckos
  146 orcs
  7 giant cockroaches
  4 goblins (D:1)
  9 hobgoblins
  4 jackals
  6 quokkas
  5 ball pythons
  12 bats
  11 giant newts
  2 jackal skeletons
  21 kobolds
  6 rats
  44 briar patches
  A bush (Lair:5)
  4 crawling corpses (Vaults:5)
  4 fire vortices (Vaults:5)
  68 fungi
  32 plants
1790 creatures vanquished.

Vanquished Creatures (collateral kills)
  A lich (Vaults:2)
  A wolf (Lair:1)
2 creatures vanquished.

Vanquished Creatures (others)
  A lich (Vaults:4)
  2 tengu reavers (Vaults:4)
  A vault warden (Vaults:4)
  A stone giant (Vaults:2)
  3 vault guards
  An ettin (Vaults:2)
  A death knight (Vaults:1)
  A fire crab (Vaults:2)
  A deep elf knight (Vaults:3)
  A spriggan druid (Swamp:3)
  A swamp dragon (Swamp:4)
  A deep elf archer (Vaults:4)
  2 orc knights
  A hill giant (Vaults:1)
  A shambling mangrove (Swamp:4)
  A salamander (Snake:4)
  A griffon (Vaults:3)
  2 vault sentinels
  3 yaktaurs
  A troll (Vaults:2)
  A giant leech (Swamp:4)
  A human simulacrum (Vaults:2)
  2 boulder beetles (Vaults:3)
  7 slime creatures
  A redback (Vaults:3)
  A hippogriff (shapeshifter) (Vaults:1)
  An insubstantial wisp (Swamp:3)
  A naga (Snake:3)
  A porcupine (Lair:6)
  A swamp drake (Swamp:4)
  2 orc wizards
  An orc (Orc:1)
  4 briar patches
  A bush (D:11)
  22 fungi
  17 plants
91 creatures vanquished.

Grand Total: 1883 creatures vanquished

Notes
Turn   | Place    | Note
--------------------------------------------------------------
     0 | D:1      | HungrySpirit the Formicid Ice Elementalist began the quest for the Orb.
     0 | D:1      | Reached XP level 1. HP: 13/13 MP: 3/3
   241 | D:1      | Reached skill level 1 in Axes
   586 | D:1      | Reached XP level 2. HP: 7/19 MP: 5/5
   904 | D:1      | Reached skill level 2 in Axes
  1079 | D:1      | Reached XP level 3. HP: 17/24 MP: 6/6
  1820 | D:1      | Reached skill level 3 in Axes
  2041 | D:2      | Reached XP level 4. HP: 30/30 MP: 7/7
  2557 | D:2      | Found a snail-covered altar of Cheibriados.
  2557 | D:2      | Found an iron altar of Okawaru.
  2558 | D:2      | Found a basalt altar of Yredelemnul.
  2584 | D:2      | Reached skill level 4 in Axes
  2584 | D:2      | Reached XP level 5. HP: 35/35 MP: 8/8
  2611 | D:2      | Found a sacrificial altar of Ru.
  2695 | D:3      | Noticed ThereIsNoGod's ghost (amateur OpAs)
  2717 | D:3      | Killed ThereIsNoGod's ghost
  2835 | D:3      | Reached skill level 5 in Axes
  2941 | D:3      | Reached XP level 6. HP: 41/41 MP: 9/9
  2961 | D:3      | Found a faded altar to an unknown god.
  2972 | D:3      | Became a worshipper of Qazlal Stormbringer
  2972 | D:3      | Reached * piety under Qazlal
  3258 | D:2      | Found an ancient bone altar of Kikubaaqudgha.
  3456 | D:4      | Reached skill level 1 in Invocations
  3541 | D:4      | Noticed Grinder
  3571 | D:4      | Killed Grinder
  3571 | D:4      | Reached skill level 6 in Axes
  3571 | D:4      | Reached XP level 7. HP: 22/46 MP: 10/10
  3762 | D:4      | Found a burning altar of Makhleb.
  3762 | D:4      | Found a radiant altar of Vehumet.
  4145 | D:5      | Entered Level 5 of the Dungeon
  4275 | D:5      | Found a staircase to the Ecumenical Temple.
  4546 | D:5      | Reached skill level 7 in Axes
  4660 | D:5      | Reached ** piety under Qazlal
  4667 | D:5      | Reached XP level 8. HP: 41/52 MP: 11/11
  4695 | D:5      | HP: 2/52 [poisoned by an orc]
  5720 | D:6      | Reached skill level 8 in Axes
  5745 | D:6      | Reached skill level 1 in Fighting
  6448 | D:6      | Reached skill level 9 in Axes
  6462 | D:6      | Reached XP level 9. HP: 22/63 MP: 12/12
  7053 | D:7      | Noticed Scarto's ghost (novice MiFi)
  7101 | D:6      | Reached skill level 10 in Axes
  8150 | D:7      | Killed Scarto's ghost
  8150 | D:7      | Reached skill level 11 in Axes
  8859 | D:8      | Reached XP level 10. HP: 60/68 MP: 13/13
  9353 | D:8      | Reached skill level 12 in Axes
  9438 | D:8      | Reached *** piety under Qazlal
  9528 | D:8      | Noticed Erica
  9541 | D:8      | Killed Erica
  9576 | D:8      | Found a deep blue altar of Sif Muna.
  9595 | D:8      | Reached skill level 1 in Long Blades
  9703 | D:8      | Reached skill level 13 in Axes
  9913 | D:8      | Noticed Grum
  9931 | D:8      | Killed Grum
  9931 | D:8      | Reached skill level 1 in Shields
 10158 | D:9      | Reached skill level 1 in Armour
 10766 | D:9      | Noticed a komodo dragon
 10784 | D:9      | Reached XP level 11. HP: 59/73 MP: 14/14
 11289 | D:9      | Reached **** piety under Qazlal
 11454 | D:9      | Reached skill level 14 in Axes
 11509 | D:10     | Entered Level 10 of the Dungeon
 11545 | D:10     | Reached skill level 5 in Shields
 11801 | D:9      | Found a staircase to the Lair.
 12375 | D:10     | Noticed an unseen horror
 12387 | D:10     | Killed an unseen horror
 12589 | D:10     | Noticed a hill giant
 12597 | D:10     | Killed a hill giant
 12597 | D:10     | Reached skill level 5 in Armour
 13254 | D:10     | Noticed a hill giant
 13262 | D:10     | Killed a hill giant
 13292 | D:10     | Found Fogu Vas's Antique Armour Shop.
 13440 | D:10     | Noticed a deep elf mage
 13456 | D:10     | Killed a deep elf mage
 13637 | D:11     | Found a bloodstained altar of Trog.
 13913 | D:11     | Reached XP level 12. HP: 79/79 MP: 15/15
 14317 | D:11     | Noticed an unseen horror
 14435 | Lair:1   | Entered Level 1 of the Lair of Beasts
 14475 | Lair:1   | Noticed Joseph
 14490 | Lair:1   | Killed Joseph
 14828 | Lair:1   | Reached skill level 15 in Axes
 15034 | Lair:1   | Noticed a catoblepas
 15053 | Lair:1   | Killed a catoblepas
 15149 | Lair:1   | HP: 4/82 [wolf (5)]
 16057 | Lair:2   | Reached skill level 5 in Fighting
 16214 | Lair:2   | Noticed an eight-headed hydra
 16548 | Lair:2   | Noticed a five-headed hydra
 16552 | Lair:2   | Killed a five-headed hydra
 16796 | Lair:2   | Killed a five-headed hydra
 17547 | Lair:3   | Reached XP level 13. HP: 90/93 MP: 16/16
 17754 | Lair:3   | Reached skill level 16 in Axes
 18423 | Lair:4   | Noticed Snorg
 18436 | Lair:4   | Killed Snorg
 19665 | Lair:4   | Found a sparkling altar of Nemelex Xobeh.
 20753 | Lair:5   | Noticed a four-headed hydra
 20866 | Lair:4   | Killed a four-headed hydra
 20866 | Lair:4   | Reached skill level 10 in Shields
 22087 | Lair:5   | Found a staircase to the Snake Pit.
 22693 | Lair:5   | Reached skill level 17 in Axes
 23024 | Lair:6   | Noticed Nessos
 23052 | Lair:6   | Noticed a catoblepas
 23539 | D:11     | Reached XP level 14. HP: 105/106 MP: 17/17
 24182 | D:12     | Noticed pedritolo's ghost (journeyman MiMo)
 24183 | D:12     | Noticed Psyche
 24193 | D:12     | Killed Psyche
 24373 | D:12     | Killed pedritolo's ghost
 24457 | D:12     | Found a staircase to the Orcish Mines.
 24462 | D:12     | Reached ***** piety under Qazlal
 25239 | Orc:1    | Entered Level 1 of the Orcish Mines
 25250 | Orc:1    | Noticed lightmor's ghost (journeyman SpEn)
 25955 | Orc:1    | Killed lightmor's ghost
 26095 | Orc:1    | Found Wagyfacu's Food Boutique.
 26223 | Orc:2    | Entered Level 2 of the Orcish Mines
 26488 | Orc:2    | Reached skill level 5 in Invocations
 26719 | Orc:2    | Noticed a stone giant
 26778 | Orc:2    | Killed a stone giant
 26801 | Orc:2    | Found a staircase to the Elven Halls.
 26937 | Orc:1    | Reached ****** piety under Qazlal
 26962 | Orc:1    | Reached skill level 18 in Axes
 27544 | Orc:1    | Reached XP level 15. HP: 107/115 MP: 19/19
 28173 | Orc:1    | Reached skill level 10 in Fighting
 28255 | Orc:2    | Found Eleipnuv's Distillery.
 28259 | Orc:2    | Found Vuummuke's Assorted Antiques.
 28265 | Orc:2    | Bought a scroll labeled YNUDOCUEDE for 30 gold pieces
 28265 | Orc:2    | Found Wuqoyrgh's Armour Shop.
 28267 | Orc:2    | Found Maytha Erro's Book Shoppe.
 28305 | Orc:2    | Bought a potion of heal wounds for 150 gold pieces
 28308 | Orc:2    | Bought a potion of invisibility for 104 gold pieces
 28308 | Orc:2    | Bought 2 potions of heal wounds for 130 gold pieces
 28308 | Orc:2    | Bought a potion of heal wounds for 65 gold pieces
 28308 | Orc:2    | Bought a potion of curing for 39 gold pieces
 28308 | Orc:2    | Bought 3 potions of heal wounds for 195 gold pieces
 28308 | Orc:2    | Bought a potion of curing for 39 gold pieces
 28308 | Orc:2    | Bought a potion of heal wounds for 65 gold pieces
 28308 | Orc:2    | Bought a potion of cancellation for 104 gold pieces
 28308 | Orc:2    | Bought a potion of agility for 52 gold pieces
 28331 | Orc:2    | Found Zeskoado's Armour Shoppe.
 28339 | Orc:2    | Bought a +2 cloak of poison resistance for 240 gold pieces
 28424 | Orc:2    | Found Seeb's Antique Armour Emporium.
 29316 | Lair:6   | Killed Nessos
 29368 | Lair:6   | Found a staircase to the Swamp.
 29990 | Lair:7   | Identified a scroll of acquirement
 30607 | Lair:8   | Entered Level 8 of the Lair of Beasts
 30846 | Lair:8   | Reached XP level 16. HP: 95/123 MP: 21/21
 31036 | Lair:8   | Reached skill level 19 in Axes
 31316 | Lair:8   | Found a viscous altar of Jiyva.
 31330 | Lair:8   | Found a staircase to the Slime Pits.
 32316 | D:13     | Found a labyrinth entrance.
 32345 | Lab      | Entered a labyrinth
 32730 | D:13     | Got a fine ivory amulet
 32789 | D:13     | Noticed Erolcha
 32793 | D:13     | Reached skill level 10 in Armour
 32809 | D:13     | Killed Erolcha
 33094 | D:13     | Found a portal to a secret trove of treasure.
 33616 | D:13     | Found a gate to the Vaults.
 33985 | D:14     | Identified the amulet "Bofiocwu" {Gourm rElec Str+3 Int+9 Stlth-} (You found it on level 13 of the Dungeon)
 34004 | D:14     | Reached XP level 17. HP: 129/131 MP: 23/23
 34718 | D:15     | Entered Level 15 of the Dungeon
 34743 | D:15     | Noticed Urug
 34757 | D:15     | Killed Urug
 34950 | D:15     | Noticed Josephine
 34963 | D:15     | Killed Josephine
 35081 | D:15     | Found a staircase to the Depths.
 35618 | D:14     | Reached skill level 20 in Axes
 35799 | Snake:1  | Entered Level 1 of the Snake Pit
 35815 | Snake:1  | Noticed Aizul
 35872 | Snake:1  | Killed Aizul
 35872 | Snake:1  | Reached skill level 10 in Invocations
 36979 | Snake:1  | Noticed Roxanne
 37014 | Snake:1  | Killed Roxanne
 37830 | Snake:2  | Reached XP level 18. HP: 31/141 MP: 25/25
 38478 | Snake:2  | Found a snail-covered altar of Cheibriados.
 40148 | Snake:2  | Reached skill level 15 in Shields
 40582 | Snake:4  | Entered Level 4 of the Snake Pit
 40618 | Snake:4  | Found Rayvaosa's Antique Weapon Boutique.
 40887 | Snake:4  | Found a snail-covered altar of Cheibriados.
 41348 | Snake:4  | Reached skill level 21 in Axes
 41574 | Snake:4  | Found Teraor's Assorted Antiques.
 41581 | Snake:4  | Bought a green potion for 41 gold pieces
 41581 | Snake:4  | Bought a scroll of identify for 92 gold pieces
 41581 | Snake:4  | Bought a scroll of silence for 345 gold pieces
 41581 | Snake:4  | Bought a potion of might for 184 gold pieces
 41765 | Snake:4  | Reached XP level 19. HP: 149/149 MP: 27/27
 42372 | Snake:4  | Got a serpentine rune of Zot
 42644 | Swamp:1  | Entered Level 1 of the Swamp
 44606 | Orc:2    | Bought a scroll of identify for 60 gold pieces
 44606 | Orc:2    | Bought a scroll of magic mapping for 105 gold pieces
 44606 | Orc:2    | Bought a scroll of identify for 60 gold pieces
 44606 | Orc:2    | Bought a scroll of recharging for 285 gold pieces
 44717 | D:13     | You paid a toll of 19 scrolls of identify to enter a treasure trove
 44718 | Trove    | Entered a treasure trove
 44736 | Trove    | Got a vibrating glass ring
 46222 | Swamp:4  | Entered Level 4 of the Swamp
 46405 | Swamp:4  | Noticed Kirke
 46679 | Swamp:4  | Banished Kirke
 47258 | Swamp:4  | Reached XP level 20. HP: 151/159 MP: 30/30
 47736 | Swamp:4  | Identified the ring of Agucep {rF+ rN+ MP+9 Dex-3} (You found it in a treasure trove)
 47740 | Swamp:4  | Gained mutation: You have sharp fingernails. [potion of beneficial mutation]
 47780 | Swamp:4  | Got a decaying rune of Zot
 48711 | Vaults:1 | Entered Level 1 of the Vaults
 49580 | Vaults:1 | Reached skill level 15 in Invocations
 51106 | Vaults:2 | Noticed a lich
 51111 | Vaults:2 | Killed a lich
 51791 | Vaults:3 | Reached XP level 21. HP: 154/167 MP: 32/32
 51923 | Vaults:3 | Reached skill level 15 in Fighting
 52223 | Vaults:3 | HP: 5/168 [ogre/giant club (18)]
 52662 | Vaults:3 | Found a staircase to the Crypt.
 53298 | Vaults:3 | Reached skill level 22 in Axes
 54051 | Vaults:4 | Reached skill level 15 in Armour
 54111 | Vaults:4 | Noticed Sojobo
 54137 | Vaults:4 | Killed Sojobo
 54360 | Vaults:4 | Reached XP level 22. HP: 177/177 MP: 34/34
 55813 | Vaults:5 | Entered Level 5 of the Vaults
 55844 | Vaults:5 | Noticed a golden dragon
 55865 | Vaults:5 | Noticed an ancient lich
 55866 | Vaults:5 | Killed an ancient lich
 55872 | Vaults:5 | Noticed a golden dragon
 55878 | Vaults:5 | Reached XP level 23. HP: 45/186 MP: 31/36
 55880 | Vaults:5 | HP: 2/186 [frost giant/bolt of cold (19)]
 55883 | Vaults:5 | Blown up by an eye of devastation (glowing shapeshifter)

Skill      XL: |  1  2  3  4  5  6  7  8  9 10 11 12 13 14 15 16 17 18 19 20 21 22 |
---------------+-------------------------------------------------------------------+-----
Axes           | 1 2 3 4 5 6 7 9 11 13 14 15 17 18 19 20 21 22 | 22.5
Invocations    | 2 3 4 5 7 9 10 11 13 15 17 19 | 19.1
Fighting       | 3 6 8 9 10 11 12 13 14 15 16 | 16.6
Long Blades    | 1 |  1.8
Shields        | 3 6 8 10 11 12 13 14 15 | 15.5
Armour         | 2 5 6 7 9 10 11 12 13 14 15 | 15.9
Dodging        | |  1.7
Stealth        | |  2.4
Spellcasting   | |  2.1
Conjurations   | |  0.8
Ice Magic      | |  3.0

Action                   |  1- 3 |  4- 6 |  7- 9 | 10-12 | 13-15 | 16-18 | 19-21 | 22-24 || total
-------------------------+-------+-------+-------+-------+-------+-------+-------+-------++-------
Melee: Hand axe          |   135 |    98 |   212 |       |       |       |       |       ||   445
       Falchion          |       |    25 |       |       |       |       |       |       ||    25
       Battleaxe         |       |       |   155 |   801 |  1609 |  1855 |   487 |       ||  4907
       Broad axe         |       |       |       |    46 |       |       |       |       ||    46
       Scimitar          |       |       |       |     5 |       |       |       |       ||     5
       War axe           |       |       |       |       |    22 |       |    24 |       ||    46
       Executioner's axe |       |       |       |       |       |       |   981 |   102 ||  1083
       Unarmed           |       |       |       |       |       |       |    15 |       ||    15
Throw: Throwing net      |       |       |       |     1 |       |       |       |       ||     1
 Cast: Freeze            |     5 |     3 |       |       |       |       |       |       ||     8
Invok: Upheaval          |       |       |     1 |     7 |     5 |       |    11 |     2 ||    26
       Elemental Force   |       |       |       |     1 |     3 |       |     1 |     1 ||     6
       Disaster Area     |       |       |       |       |       |       |       |     8 ||     8
 Abil: Dig               |     1 |     2 |     6 |     9 |     8 |    12 |     2 |       ||    40
Evoke: Wand              |       |     4 |    10 |    14 |       |     1 |     6 |       ||    35
  Use: Scroll            |       |     1 |    18 |     8 |    12 |     1 |    11 |       ||    51
       Potion            |       |       |     3 |     5 |     7 |     6 |     5 |    12 ||    38
 Stab: Distracted        |       |       |       |     2 |       |       |       |       ||     2
       Held in net/web   |       |       |       |     1 |       |       |       |       ||     1
       Confused          |       |       |       |       |       |       |     2 |       ||     2
       Invisible         |       |       |       |       |       |       |       |     1 ||     1
  Eat: Chunk             |     4 |     5 |    16 |    23 |    27 |    37 |    48 |     2 ||   162
       Royal jelly       |       |       |     1 |     1 |       |     1 |       |       ||     3
       Beef jerky        |       |       |       |     3 |       |     3 |       |       ||     6
       Fruit             |       |       |       |     1 |    21 |       |     3 |       ||    25
Armor: Scale mail        |    70 |    61 |   180 |    39 |       |       |       |       ||   350
       Robe              |     6 |       |       |       |       |       |       |       ||     6
       Plate armour      |       |       |       |   572 |   626 |   370 |   467 |    53 ||  2088
       Skin              |       |       |       |       |     7 |       |     1 |       ||     8
Dodge: Dodged            |    94 |    68 |   167 |   233 |   232 |   151 |   225 |    27 ||  1197
       Deflected         |       |       |       |     4 |     6 |    44 |    24 |     3 ||    81
Block: Other             |       |     1 |    39 |   173 |    93 |       |     5 |       ||   311
       Shield            |       |       |       |       |   877 |  1301 |  1240 |   116 ||  3534
